 Dungeon Crawl Stone Soup version 0.21.0-3-g78d12a8 (webtiles) character file.

107 komo4ek the Magician (level 4, -3/21 HPs)
             Began as a Vine Stalker Ice Elementalist on Jan 10, 2018.
             Was an Initiate of Sif Muna.
             Slain by a hippogriff (5 damage)
             ... on level 3 of the Dungeon.
             The game lasted 00:07:00 (2285 turns).

komo4ek the Magician (VSIE)                         Turns: 2285, Time: 00:07:01

Health: -3/21      AC:  3    Str: 11    XL:     4   Next: 85%
Magic:  0/10       EV: 13    Int: 16    God:    Sif Muna [......]
Gold:   99         SH:  0    Dex: 14    Spells: 9/10 levels left

rFire    . . .     SeeInvis .   s - +0 hunting sling
rCold    . . .     Gourm    .   (no shield)
rNeg     . . .     Faith    .   a - +0 robe
rPois    .         Spirit   +   (no helmet)
rElec    .         Reflect  .   (no cloak)
rCorr    .         Harm     .   x - +0 pair of gloves (curse)
MR       .....                  (no boots)
Stlth    ++........             (no amulet)
HPRegen  0.47/turn              w - ring of wizardry
MPRegen  0.12/turn              (no ring)

@: no status effects
A: fangs 2, regeneration 1, magic shield, antimagic bite, no potion heal 3, rot
immunity
a: Renounce Religion


You were on level 3 of the Dungeon.
You worshipped Sif Muna.
Sif Muna was noncommittal.
You were not hungry.

You visited 1 branch of the dungeon, and saw 3 of its levels.

You collected 99 gold pieces.

Inventory:

Hand Weapons
 m - a +0 whip
 s - a +0 hunting sling (weapon)
Missiles
 k - 31 bolts
 u - 11 sling bullets (quivered)
Armour
 a - a +0 robe (worn)
 x - a cursed +0 pair of gloves (worn)
Jewellery
 w - a ring of wizardry (left hand)
Scrolls
 e - 2 scrolls of enchant armour {unknown}
 f - 5 scrolls of remove curse {unknown}
 g - 2 scrolls of identify {unknown}
 i - a scroll of enchant weapon {unknown}
 l - 4 scrolls of fog {unknown}
 p - 2 scrolls of random uselessness {unknown}
 r - a scroll of amnesia {unknown}
 v - a scroll of blinking {unknown}
Potions
 d - a potion of mutation {unknown}
 h - 2 potions of heal wounds {unknown}
 j - a potion of brilliance {unknown}
 n - a potion of haste {unknown}
 o - a potion of lignification {unknown}
 q - 3 potions of magic {unknown}
 t - a potion of degeneration {unknown}
Books
 b - a book of Frost

   Spells                             Type                      Level
   a - Freeze                         Ice                          1
   b - Throw Frost                    Conjuration/Ice              2
   c - Ozocubu's Armour               Charms/Ice                   3
   d - Throw Icicle                   Conjuration/Ice              4
   e - Summon Ice Beast               Ice/Summoning                4
Comestibles
 c - 5 rations


   Skills:
 + Level 2.3 Dodging
 - Level 2.4 Stealth
 * Level 3.8 Spellcasting
   Level 1.0 Conjurations
 + Level 3.7 Ice Magic


You had 9 spell levels left.
You knew the following spells:

 Your Spells              Type           Power        Failure   Level  Hunger
a - Freeze                Ice            ##..         1%          1    None


Dungeon Overview and Level Annotations

Branches:
Dungeon (3/15)

Altars:
Sif Muna


Innate Abilities, Weirdness & Mutations

You have extremely sharp teeth.
Your natural rate of healing is unusually fast.
When hurt, damage is shared between your health and your magic reserves.
Your bite disrupts and absorbs the magic of your enemies.
Potions cannot restore your health.
You are immune to rotting.


Message History

The hippogriff closely misses you. The hippogriff pecks you.
* * * LOW HITPOINT WARNING * * *
The hippogriff claws you.
* * * LOW HITPOINT WARNING * * *
Things that are here:
a flail of protection; a leather armour
Found a ring mail.
You see here a ring mail.
Found 4 gold pieces.
Casting: Freeze
Confirm with . or Enter, or press ? or * to list all spells.
Aiming: Freeze
Press: ? - help, Shift-Dir - straight line, f/p - hippogriff
Aim: a hippogriff (lightly wounded)
You freeze the hippogriff.
The hippogriff is lightly wounded.
The hippogriff bites you.
* * * LOW HITPOINT WARNING * * *
The hippogriff closely misses you. The hippogriff claws you.
You die...

#. #.#.....########.# #.
#.#..........†...# #.
#.#.....########## #)
#.#.....#....#
#######'####.#...........
#........(...####.#..##.###
#.........#### #..........
#.........#########.#.#...
#........(#...$.@.#.#.# #
.........(#.#####H#.# .
..o.......# #[#.#
.######'#.#######.#.#
...o.o..#(...)....#.#
.##################.#
#.................#
#.#.<.......#######
#.#.#######.#


You could see a hippogriff.

Vanquished Creatures
  Terence (D:2)
  2 adders
  A worm (D:2)
  2 dart slugs (D:1)
  4 leopard geckos
  An orc (D:3)
  10 bats
  5 giant cockroaches
  11 goblins
  6 hobgoblins
  4 frilled lizards
  3 kobolds
  2 rats
52 creatures vanquished.

Notes
Turn   | Place    | Note
-------+----------+-------------------------------------------
     0 | D:1      | komo4ek the Vine Stalker Ice Elementalist began the quest for the Orb.
     0 | D:1      | Reached XP level 1. HP: 9/9 MP: 4/4
   175 | D:1      | Reached XP level 2. HP: 7/13 MP: 1/6
   778 | D:1      | Reached XP level 3. HP: 8/16 MP: 1/8
  1137 | D:2      | Found a deep blue altar of Sif Muna.
  1164 | D:2      | Became a worshipper of Sif Muna the Loreminder
  1421 | D:2      | Noticed Terence
  1431 | D:2      | Killed Terence
  1431 | D:2      | Gained mutation: Your natural rate of healing is unusually fast. [Vine Stalker growth]
  1431 | D:2      | Reached XP level 4. HP: 9/21 MP: 0/10
  2210 | D:3      | Noticed a hippogriff
  2276 | D:3      | HP: 1/21 [hippogriff (3)]
  2285 | D:3      | Slain by a hippogriff

Skill      XL: |  1  2 |
---------------+-------+-----
Dodging        | 2 |  2.3
Spellcasting   | 3 |  3.8
Stealth        | |  2.4
Conjurations   | |  1.0
Ice Magic      | |  3.7

Action                   |  1- 3 |  4- 6 || total
-------------------------+-------+-------++-------
Melee: Unarmed           |     7 |       ||     7
       Bite              |     3 |       ||     3
       Whip              |     9 |       ||     9
 Fire: Hunting sling     |       |    48 ||    48
 Cast: Freeze            |    48 |    19 ||    67
 Stab: Sleeping          |     1 |       ||     1
  Eat: Ration            |     1 |     1 ||     2
Armor: Robe              |    10 |     2 ||    12
Dodge: Dodged            |    43 |    12 ||    55
